 Dungeon Crawl Stone Soup version 0.23.2-30-g0e89c35649 (webtiles) character file.

Game seed: 1316403201191651364

96 Mrkan the Grave Robber (level 4, 0/32 HPs)
             Began as a Gnoll Necromancer on June 24, 2019.
             Slain by a gnoll
             ... wielding a +0 whip
              (1 damage)
             ... on level 3 of the Dungeon.
             The game lasted 00:07:28 (2882 turns).

Mrkan the Grave Robber (Gnoll Necromancer)          Turns: 2882, Time: 00:07:28

Health: 0/32       AC:  3    Str: 11    XL:     4   Next: 67%
Magic:  9/11       EV: 15    Int: 18    God:
Gold:   173        SH:  0    Dex: 15    Spells: 11/13 levels left

rFire    . . .     SeeInvis .     - Unarmed
rCold    . . .     Gourm    .   (no shield)
rNeg     . . .     Faith    .   a - +0 robe
rPois    .         Spirit   .   (no helmet)
rElec    .         Reflect  .   (no cloak)
rCorr    .         Harm     .   h - +0 pair of gloves (curse)
MR       .....                  (no boots)
Stlth    +++.......             (no amulet)
HPRegen  0.10/turn              (no ring)
MPRegen  0.12/turn              (no ring)

@: no status effects
A: distributed training, fangs 1, strong nose
a: no special abilities


You were on level 3 of the Dungeon.
You were hungry.

You visited 1 branch of the dungeon, and saw 3 of its levels.

You collected 173 gold pieces.

Inventory:

Hand Weapons
 n - a +0 hand crossbow
Armour
 a - a +0 robe (worn)
 h - a cursed +0 pair of gloves (worn)
Jewellery
 l - an uncursed amulet of magic regeneration {unknown}
 m - an uncursed amulet of rage {unknown}
 o - a +6 ring of protection {unknown}
Scrolls
 e - 5 scrolls of identify {unknown}
 i - a scroll of noise {unknown}
 j - a scroll of random uselessness {unknown}
 k - a scroll of amnesia {unknown}
 r - a scroll of teleportation {unknown}
 s - a scroll of immolation {unknown}
Potions
 b - a potion of ambrosia {unknown}
 d - a potion of curing {unknown}
 f - a potion of berserk rage {unknown}
 g - a potion of might {unknown}
 q - a potion of magic {unknown}
Comestibles
 c - 4 rations
 p - 5 chunks of flesh


   Skills:
 + Level 1.2 Fighting
 + Level 1.2 Short Blades
 + Level 1.2 Long Blades
 + Level 1.2 Axes
 + Level 1.2 Maces & Flails
 + Level 1.2 Polearms
 + Level 1.2 Staves
 + Level 1.2 Slings
 + Level 1.2 Bows
 + Level 1.2 Crossbows
 + Level 1.2 Throwing
 + Level 1.2 Armour
 + Level 4.6 Dodging
 + Level 4.3 Stealth
 + Level 1.2 Shields
 + Level 1.2 Unarmed Combat
 + Level 5.1 Spellcasting
 + Level 1.0 Conjurations
 + Level 1.0 Hexes
 + Level 1.0 Charms
 + Level 1.0 Summonings
 + Level 7.1 Necromancy
 + Level 1.0 Translocations
 + Level 1.0 Transmutations
 + Level 1.0 Fire Magic
 + Level 1.0 Ice Magic
 + Level 1.0 Air Magic
 + Level 1.0 Earth Magic
 + Level 1.0 Poison Magic
 + Level 1.3 Invocations
 + Level 1.2 Evocations


You had 11 spell levels left.
You knew the following spells:

 Your Spells              Type           Power        Failure   Level  Hunger
a - Pain                  Necr           ####         1%          1    None
b - Animate Skeleton      Necr           N/A          1%          1    None

Your spell library contained the following spells:

 Spells                   Type           Power        Failure   Level  Hunger
 Vampiric Draining        Necr           ####......   1%          3    ##.....
 Animate Dead             Necr           N/A          7%          4    ####...
 Regeneration             Chrm/Necr      ###.......   8%          3    ##.....


Dungeon Overview and Level Annotations

Branches:
Dungeon (3/15)

Altars:
Gozag
Ru
Sif Muna
Trog
Vehumet
Wu Jian
Yredelemnul


Innate Abilities, Weirdness & Mutations

Your experience applies equally to all skills.
You have very sharp teeth.
Your uncanny sense of smell can sniff out nearby items.


Message History

There is an open door here.
The gnoll hits you with a +0 whip.
* * * LOW HITPOINT WARNING * * *
Casting: Pain (safe; 1% risk of failure)
Confirm with . or Enter, or press ? or * to list all spells.
Aiming: Pain (safe; 1% risk of failure)
Press: ? - help, Shift-Dir - straight line, f - gnoll
Aim: a gnoll, wielding a +0 whip (chance to defeat MR: 89%)
The gnoll writhes in agony.
Casting: Pain (safe; 1% risk of failure)
Confirm with . or Enter, or press ? or * to list all spells.
Aiming: Pain (safe; 1% risk of failure)
Press: ? - help, Shift-Dir - straight line, f/p - gnoll
Aim: a gnoll, wielding a +0 whip (moderately wounded, chance to defeat MR: 89%)
The gnoll writhes in agony.
The gnoll hits you with a +0 whip!
* * * LOW HITPOINT WARNING * * *
You hit the gnoll but do no damage.
The gnoll is severely wounded.
The gnoll hits you with a +0 whip.
You die...

#.# #.# #.# #.# #.#
#.# #.# #.# ## #.# #.#
(# #.# #.# .# #.# #.#
.# #.# #g# .# #.#
####@# .# #.# #..#.#
.# #.# #..#.# .# #.#
#..#.# ## #.#
#..#.##### #####.#####
#..#.....#
..........###..#####.#
....................>#
..........###...#.####


You could see a gnoll.

Vanquished Creatures
  3 gnolls
  An ooze (D:3)
  A worm (D:2)
  A dart slug (D:3)
  5 orcs (D:3)
  3 giant cockroaches
  6 goblins
  8 hobgoblins
  8 jackals
  3 kobolds
  2 bats (D:3)
  A frilled lizard (D:1)
  7 rats
49 creatures vanquished.

Vanquished Creatures (collateral kills)
  A giant cockroach (D:1)
1 creature vanquished.

Grand Total: 50 creatures vanquished

Notes
Turn   | Place    | Note
-------+----------+-------------------------------------------
     0 | D:1      | Mrkan the Gnoll Necromancer began the quest for the Orb.
     0 | D:1      | Reached XP level 1. HP: 13/13 MP: 6/6
     2 | D:1      | Learned a level 1 spell: Animate Skeleton
    73 | D:1      | Reached XP level 2. HP: 13/19 MP: 1/7
   453 | D:1      | Reached XP level 3. HP: 23/25 MP: 7/9
   850 | D:2      | Reached skill level 5 in Spellcasting
  1123 | D:2      | Found a deep blue altar of Sif Muna.
  1449 | D:2      | Found an opulent altar of Gozag.
  1449 | D:2      | Found an ornate altar of the Wu Jian Council.
  1455 | D:2      | Found a basalt altar of Yredelemnul.
  1458 | D:2      | Found a bloodstained altar of Trog.
  1459 | D:2      | Found a radiant altar of Vehumet.
  1683 | D:2      | Reached skill level 1 in Invocations
  1970 | D:3      | Reached skill level 1 in Fighting
  1970 | D:3      | Reached skill level 1 in Short Blades
  1970 | D:3      | Reached skill level 1 in Long Blades
  1970 | D:3      | Reached skill level 1 in Axes
  1970 | D:3      | Reached skill level 1 in Maces & Flails
  1970 | D:3      | Reached skill level 1 in Polearms
  1970 | D:3      | Reached skill level 1 in Staves
  1970 | D:3      | Reached skill level 1 in Slings
  1970 | D:3      | Reached skill level 1 in Bows
  1970 | D:3      | Reached skill level 1 in Crossbows
  1970 | D:3      | Reached skill level 1 in Throwing
  1970 | D:3      | Reached skill level 1 in Armour
  1970 | D:3      | Reached skill level 1 in Shields
  1970 | D:3      | Reached skill level 1 in Unarmed Combat
  1970 | D:3      | Reached skill level 1 in Evocations
  1973 | D:3      | Reached XP level 4. HP: 15/32 MP: 0/11
  2750 | D:3      | Found a sacrificial altar of Ru.
  2820 | D:3      | Reached skill level 1 in Conjurations
  2820 | D:3      | Reached skill level 1 in Hexes
  2820 | D:3      | Reached skill level 1 in Charms
  2820 | D:3      | Reached skill level 1 in Summonings
  2820 | D:3      | Reached skill level 1 in Translocations
  2820 | D:3      | Reached skill level 1 in Transmutations
  2820 | D:3      | Reached skill level 1 in Fire Magic
  2820 | D:3      | Reached skill level 1 in Ice Magic
  2820 | D:3      | Reached skill level 1 in Air Magic
  2820 | D:3      | Reached skill level 1 in Earth Magic
  2820 | D:3      | Reached skill level 1 in Poison Magic
  2881 | D:3      | HP: 1/32 [gnoll/+0 whip (7)]
  2882 | D:3      | Slain by a gnoll

Skill      XL: |  1  2  3  4 |
---------------+-------------+-----
Spellcasting   | 5 |  5.1
Invocations    | 1 |  1.3
Fighting       | 1 |  1.2
Short Blades   | 1 |  1.2
Long Blades    | 1 |  1.2
Axes           | 1 |  1.2
Maces & Flails | 1 |  1.2
Polearms       | 1 |  1.2
Staves         | 1 |  1.2
Slings         | 1 |  1.2
Bows           | 1 |  1.2
Crossbows      | 1 |  1.2
Throwing       | 1 |  1.2
Armour         | 1 |  1.2
Shields        | 1 |  1.2
Unarmed Combat | 1 |  1.2
Evocations     | 1 |  1.2
Conjurations   | 1 |  1.0
Hexes          | 1 |  1.0
Charms         | 1 |  1.0
Summonings     | 1 |  1.0
Translocations | 1 |  1.0
Transmutations | 1 |  1.0
Fire Magic     | 1 |  1.0
Ice Magic      | 1 |  1.0
Air Magic      | 1 |  1.0
Earth Magic    | 1 |  1.0
Poison Magic   | 1 |  1.0
Dodging        | |  4.6
Stealth        | |  4.3
Necromancy     | |  7.1

Action                   |  1- 3 |  4- 6 || total
-------------------------+-------+-------++-------
Melee: Unarmed           |    62 |    81 ||   143
       Bite              |     8 |     8 ||    16
       Punch             |       |     1 ||     1
 Cast: Pain              |    40 |    20 ||    60
       Animate Skeleton  |     3 |     4 ||     7
  Eat: Chunk             |     1 |     1 ||     2
       Ration            |     1 |       ||     1
Armor: Robe              |    13 |     7 ||    20
Dodge: Dodged            |    38 |    71 ||   109
